 Dungeon Crawl Stone Soup version 0.30-a0-723-gc1506a1cf0 (webtiles) character file.

Game seed: 17858051269616679195

102 PriceMaster the Grave Robber (level 4, -4/27 HPs)
             Began as an Octopode Necromancer on Jan 28, 2023.
             Killed from afar by Ijyb (21 damage)
             ... with an iceblast
             ... on level 3 of the Dungeon.
             The game lasted 00:07:06 (1796 turns).

PriceMaster the Grave Robber (Octopode Necromancer) Turns: 1796, Time: 00:07:07

Health: -4/27      AC:  1    Str:  7    XL:     4   Next: 77%
Magic:  6/7        EV: 13    Int: 19    God:
Gold:   136        SH:  0    Dex: 12    Spells: 6/7 levels left

rFire   . . .      SeeInvis .    f - +0 mace
rCold   . . .      Faith    .    (no shield)
rNeg    + . .      Spirit   .    (helmet restricted)
rPois   +          Reflect  .    r - amulet of regeneration
rElec   .          Harm     .    q - ring of poison resistance
rCorr   .          Rampage  .    t - ring of positive energy
Will    .....                    (no ring)
Stlth   +++                      (no ring)
HPRegen 1.04/turn                (no ring)
MPRegen 0.10/turn                (no ring)
                                 (no ring)
                                 (no ring)

@: no status effects
A: almost no armour, amphibious, 8 rings, camouflage 1, gelatinous body 1,
(nimble swimmer 1), tentacles
a: no special abilities


You were on level 3 of the Dungeon.
You visited 1 branch of the dungeon, and saw 3 of its levels.

You collected 136 gold pieces.

Inventory:

Hand Weapons
 f - a +0 mace (weapon)
 l - a +0 short sword
Missiles
 b - 3 poisoned darts
 j - 19 stones
Armour
 i - a +0 robe
Jewellery
 n - an amulet of magic regeneration
 q - a ring of poison resistance (left tentacle)
 r - an amulet of regeneration (around mantle)
 t - a ring of positive energy (right tentacle)
Scrolls
 e - 3 scrolls of magic mapping {unknown}
 m - a scroll of silence {unknown}
 o - a scroll of amnesia {unknown}
 p - a scroll of butterflies {unknown}
 s - a scroll of vulnerability {unknown}
 u - a scroll of identify {unknown}
Potions
 a - a potion of magic
 c - a potion of haste {unknown}
 d - a potion of brilliance {unknown}
 g - a potion of heal wounds {unknown}
 h - a potion of degeneration {unknown}
 k - a potion of mutation {unknown}


   Skills:
 + Level 0.1 Fighting
 * Level 1.9 Maces & Flails
 + Level 2.4 Dodging
 + Level 3.6 Stealth
 + Level 0.4 Unarmed Combat
 + Level 2.4 Spellcasting
 + Level 4.6 Necromancy


You had 6 spell levels left.
You knew the following spells:

 Your Spells              Type           Power      Damage    Failure   Level
a - Necrotise             Necr           76%        1d7       2%          1

Your spell library contained the following spells:

 Spells                   Type           Power      Damage    Failure   Level
 Vampiric Draining        Necr           19%        2d7       8%          3
 Animate Dead             Necr           19%        N/A       24%         4
 Agony                    Necr           19%        N/A       56%         5


Dungeon Overview and Level Annotations

Branches:
Dungeon (3/15)

Altars:

Shops:
D:2 [

Annotations:
D:3 Ijyb


Innate Abilities, Weirdness & Mutations

You cannot wear most types of armour.
You are amphibious.
You can wear up to eight rings at the same time.
Your skin changes colour to match your surroundings (Stealth+).
Your rubbery body absorbs attacks. (AC +1, EV +1)
((You are camouflaged when in or above water. (Stealth+)))
You have tentacles for arms and can constrict up to eight enemies at once.


Message History

Ijyb writhes in agony.
Ijyb hits you with a +5 dagger of speed!
You barely miss Ijyb. You grab Ijyb.
Ijyb is lightly wounded.
You constrict Ijyb. Ijyb misses you.
Ijyb hits you with a +5 dagger of speed!
You are too injured to fight recklessly!
You are too injured to fight recklessly!
You are a level 4 Octopode Necromancer.
You are 77% of the way to level 5.
Play time: 00:06:42 (1778 turns).
Zot will find you in 16206 turns if you stay in this branch and explore no new floors.
Unknown command.
Okay, then.
You release your grip on Ijyb.
Ijyb attacks as you move away!
Ijyb hits you with a +5 dagger of speed.
* * * LOW HITPOINT WARNING * * *
Ijyb attacks as you move away! Ijyb misses you. Ijyb attacks as you move away!
Ijyb barely misses you.
Ijyb zaps a wand.
The mass of ice explodes!
The iceblast engulfs you!
* * * LOW HITPOINT WARNING * * *
You hear a shout!
An orc comes into view. It is wielding a +0 flail.
Casting: Necrotise (safe; 2% risk of failure)
Confirm with . or Enter, or press ? or * to list all spells.
Aiming: Necrotise (safe; 2% risk of failure)
Press: ? - help, Shift-Dir - straight line, f/p - Ijyb
Aim: Ijyb, wielding a +5 dagger of speed, wearing a +0 scale mail and carrying a wand of iceblast (8) (lightly wounded, chance to affect: 84%) Ijyb writhes in agony!
Ijyb attacks as you move away! Ijyb closely misses you.
Casting: Necrotise (safe; 2% risk of failure)
Confirm with . or Enter, or press ? or * to list all spells.
Aiming: Necrotise (safe; 2% risk of failure)
Press: ? - help, Shift-Dir - straight line, f - orc
Aim: an orc, wielding a +0 flail and wearing a +0 leather armour (chance to affect: 89%)
The orc barely resists.
The orc attacks as you move away! The orc closely misses you.
Ijyb zaps a wand.
The mass of ice explodes!
The iceblast engulfs you!!
Ouch! That really hurt!
You die...

#.#...#...#.)# ##########
#...#...#....# #####...##...##
##.###.###.#.# #.>...<.......##
#...#...#....# #..............#
#.#...#...#..#
#[.........)...###...#...#....###
#...................###.###......
#.............####..g#...#...#...
.........#......@.o#...#...#.....
#.######.########...............#
.. #.# #.#.###.......### .# #.#
####...†...####### . #.#
##..............# .
##[####..###.########... .
.............# # ........######
....#####


You could see Ijyb and an orc.

Vanquished Creatures
  An iguana (D:2)
  3 adders (D:2)
  A dart slug (D:1)
  7 bats
  2 endoplasms (D:2)
  2 giant cockroaches
  4 goblins
  6 hobgoblins
  4 kobolds
  4 quokkas (D:1)
  2 ball pythons (D:1)
  3 frilled lizards
  3 rats
42 creatures vanquished.

Vanquished Creatures (collateral kills)
  A quokka (D:1)
1 creature vanquished.

Grand Total: 43 creatures vanquished

Notes
Turn   | Place    | Note
-------+----------+-------------------------------------------
     0 | D:1      | PriceMaster the Octopode Necromancer began the quest for
                  | the Orb.
     0 | D:1      | Reached XP level 1. HP: 11/11 MP: 3/3
    75 | D:1      | Reached XP level 2. HP: 8/17 MP: 5/5
   490 | D:1      | Reached XP level 3. HP: 21/21 MP: 6/6
   663 | D:2      | Found Faom's Armour Boutique.
   980 | D:2      | Reached skill level 1 in Maces & Flails
   980 | D:2      | Reached XP level 4. HP: 11/27 MP: 7/7
  1771 | D:3      | Noticed Ijyb
  1781 | D:3      | HP: 1/27 [Ijyb/iceblast (10)]
  1796 | D:3      | Killed from afar by Ijyb

Illustrated notes

Levels and vault maps discovered:
D:1:      lightli_arrival_maybe_door_vault, layout_rooms
D:2:      layout_basic, serial_shops, nicolae_shop_waterfront, minmay_tripent
D:3:      layout_rooms, minmay_misc_feat_four_crosses, uniq_ijyb

Skill      XL: |  1  2  3 |
---------------+----------+-----
Stealth        | 3 |  3.6
Maces & Flails | 1 |  1.9
Fighting       | |  0.1
Dodging        | |  2.4
Unarmed Combat | |  0.4
Spellcasting   | |  2.4
Necromancy     | |  4.6

Action                     |  1- 3 |  4- 6 || total
---------------------------+-------+-------++-------
  Melee: Unarmed           |    21 |       ||    21
         Constrict         |    20 |     4 ||    24
         Tentacles         |    14 |     4 ||    18
         Mace              |    31 |    15 ||    46
         Punch             |     1 |     1 ||     2
   Cast: Necrotise         |    10 |     3 ||    13
   Stab: Sleeping          |     5 |     6 ||    11
 Armour: Skin              |     8 |       ||     8
  Dodge: Dodged            |    38 |     9 ||    47

Table legend: (Time is in decaauts)
 A = Elapsed time spent in this place.
 B = Non-inter-level travel time spent in this place.
 C = Inter-level travel time spent in this place.
 D = Time resting spent in this place.
 E = Time spent auto-exploring this place.
 F = Levels seen in this place.
 G = Mean time per level.
                   A        B        C        D        E       F      G
               +--------+--------+--------+--------+--------+-----+--------+
         Total |   1811 |   1783 |     28 |     43 |   1284 |   3 |  603.7 |
       Dungeon |   1811 |   1783 |     28 |     43 |   1284 |   3 |  603.7 |
               +--------+--------+--------+--------+--------+-----+--------+

Top non-repeatable levels by time:
     D:2: 1095 daAuts
     D:1: 617 daAuts
     D:3: 98 daAuts
